 Dungeon Crawl Stone Soup version 0.31-a0-1612-g4aaf141004 (webtiles) character file.

Game seed: 5349590990906522898

518 Laraso the Shooter (level 7, 52/52 HPs)
             Began as a White Draconian Hexslinger on Jan 9, 2024.
             Was a Follower of Okawaru.
             Quit the game on level 5 of the Dungeon.
             The game lasted 00:06:11 (5358 turns).

Laraso the Shooter (White Draconian Hexslinger)     Turns: 5358, Time: 00:06:12

Health: 52/52      AC:  8    Str: 10    XL:     7   Next: 1%
Magic:  2/8        EV: 12    Int: 14    God:    Okawaru [*.....]
Gold:   156        SH:  0    Dex: 15    Spells: 5/8 levels left

rFire   . . .        a - +1 sling
rCold   + . .        (no shield)
rNeg    . . .        (body armour unavailable)
rPois   +            d - +1 hat
rElec   .            i - scarf {+Inv}
rCorr   .            (no gloves)
SInv    .            s - +0 pair of boots
Will    .....        (no amulet)
Stlth   +            k - ring of poison resistance
HPRegen 0.28/turn    (no ring)
MPRegen 0.11/turn

%: no passive effects
@: weak-willed, jinxed
A: breathe frost, AC +6, unfitting armour, cold resistance 1, cold-blooded
a: Breathe Frost, Renounce Religion, Evoke Invisibility, Heroism


You were on level 5 of the Dungeon.
You worshipped Okawaru.
Okawaru was aware of your devotion.
You visited 1 branch of the dungeon, and saw 5 of its levels.

You collected 156 gold pieces.

Inventory:

Hand Weapons
 a - a +1 sling (weapon)
Armour
 d - a +1 hat (worn)
 i - a scarf of invisibility (worn)
 s - a +0 pair of boots (worn)
Jewellery
 k - a ring of poison resistance (left hand)
Wands
 n - a wand of paralysis (8)
 u - a wand of quicksilver (17)
Scrolls
 b - a scroll of poison
 c - a scroll of amnesia
 e - a scroll of blinking
 f - 4 scrolls of teleportation
 h - 2 scrolls of revelation
 j - a scroll of torment
 o - 3 scrolls of identify
 p - 2 scrolls of fear
 q - a scroll of fog {unknown}
 r - a scroll of enchant armour {unknown}
 v - 3 scrolls of immolation {unknown}
Potions
 g - 4 potions of brilliance {unknown}
 l - 2 potions of mutation {unknown}
 m - a potion of curing {unknown}
 t - 2 potions of enlightenment {unknown}


   Skills:
 - Level 1.1 Fighting
 * Level 5.7 Ranged Weapons
 - Level 1.7 Dodging
 - Level 1.0 Spellcasting
 + Level 4.7 Hexes
 - Level 0.7 Fire Magic


You had 5 spell levels left.
You knew the following spells:

 Your Spells              Type           Power      Damage    Failure   Level
a - Jinxbite              Hex            26%        N/A       6%          2
b - Slow                  Hex            52%        N/A       3%          1

Your spell library contained the following spells:

 Spells                   Type           Power      Damage    Failure   Level
 Confusing Touch          Hex            13%        N/A       12%         3
 Sigil of Binding         Hex            13%        N/A       12%         3
 Inner Flame              Hex/Fire       8%         N/A       26%         3
 Cause Fear               Hex            6%         N/A       36%         4
 Hailstorm                Conj/Ice       0%         3d5       61%         3
 Vampiric Draining        Necr           0%         2d6       61%         3
 Dimensional Bullseye     Hex/Tloc       3%         N/A       69%         4
 Eringya's Noxious Bog    Alch           0%         4d6       100%        6
 Summon Ice Beast         Ice/Summ       Unusable   N/A       N/A         3
 Summon Forest            Summ/Tloc      Unusable   N/A       N/A         5
 Sculpt Simulacrum        Ice/Alch       Unusable   N/A       N/A         6
 Summon Hydra             Summ           Unusable   N/A       N/A         7

Dungeon Overview and Level Annotations

Branches:
Dungeon (5/15)
 Temple: D:4-7

Altars:
Fedhas
Hepliaklqana
Okawaru
Qazlal
Trog

Annotations:
D:3 1 runed translucent door, zenocrate's ghost, amateur VSFi
D:5 1 runed translucent door, sadasda's ghost, amateur HOFi


Innate Abilities, Weirdness & Mutations

You can breathe waves of freezing cold which knock back foes.
Your icy white scales are hard. (AC +6)
You cannot fit into any form of body armour.
Your flesh is cold resistant. (rC+)
You are cold-blooded and may be slowed by cold attacks.


Message History

Aim: a scorpion (chance to call a sprite on attack: 47%, chance to affect: 47%)
The scorpion seems to slow down.
Unknown command.
You shoot a sling bullet.
The sling bullet hits the scorpion but does no damage.
You shoot a sling bullet. The sling bullet hits the scorpion.
The scorpion is lightly wounded.
The scorpion barely misses you.
You shoot a sling bullet. The sling bullet hits the scorpion.
The scorpion is moderately wounded.
A giggling sprite leaps out and makes the scorpion trip over its own legs.
The scorpion is moderately wounded.
You shoot a sling bullet. The sling bullet hits the scorpion.
The scorpion is heavily wounded.
A giggling sprite leaps out and makes the scorpion trip over its own legs.
The scorpion is severely wounded.
The scorpion barely misses you.
You shoot a sling bullet.
The sling bullet barely misses the scorpion.
A giggling sprite leaps out and makes the scorpion trip over its own legs.
The scorpion is almost dead.
The jinxing sprites lose interest in you.
The scorpion misses you.
Your magical contamination has completely faded away.
Casting: Slow (safe; 4% risk of failure)
Confirm with . or Enter, or press ? or * to list all spells.
You beckon some vexing sprites to accompany your attacks.
You feel your willpower being sapped. The scorpion closely misses you.
Unknown command.
You shoot a sling bullet. The sling bullet hits the scorpion.
You kill the scorpion!
Okawaru accepts your kill.
You have reached level 7!
Your scales start taking on an icy white colour.
You learn Fire Magic much slower.
Your Fire Magic skill decreases to level 0!
You learn Ice Magic much quicker.
You can breathe waves of freezing cold which knock back foes.
You feel resistant to cold.
Are you sure you want to abandon this character and quit the game? (Confirm with "yes".)

# # ############# #
.#####...........# #
.................# #
.......>.........# #
...?...@........†#######
#################......'
#..##### #.## # ##.# #
.>#.# # ...#### # ..8##
# ########### 8## #


There were no monsters in sight!

Vanquished Creatures
  An ice beast (D:5)
  A scorpion (D:5)
  2 bombardier beetles
  3 hounds
  An iguana (D:5)
  4 adders
  4 gnolls
  A white imp (D:4)
  3 dart slugs
  2 ribbon worms
  8 orcs
  8 endoplasms
  2 giant cockroaches
  7 hobgoblins
  4 jackals (D:1)
  12 kobolds
  11 ball pythons
  4 bats
  3 frilled lizards
  8 goblins
  6 rats
  A spectral orc (D:4)
96 creatures vanquished.

Notes
Turn   | Place    | Note
-------+----------+-------------------------------------------
     0 | D:1      | Laraso the Draconian Hexslinger began the quest for the
                  | Orb.
     0 | D:1      | Reached XP level 1. HP: 16/16 MP: 2/2
    84 | D:1      | Reached skill level 2 in Ranged Weapons
   216 | D:1      | Reached XP level 2. HP: 23/23 MP: 3/3
   657 | D:1      | You fall into a shaft and drop 1 floor!
   667 | D:2      | Learned a level 2 spell: Jinxbite
   679 | D:2      | Reached XP level 3. HP: 28/28 MP: 4/4
  1044 | D:2      | Found a stormy altar of Qazlal.
  1090 | D:2      | Reached skill level 3 in Ranged Weapons
  1757 | D:3      | Reached XP level 4. HP: 31/35 MP: 3/5
  1763 | D:3      | Learned a level 1 spell: Slow
  1811 | D:3      | Found an iron altar of Okawaru.
  1962 | D:3      | Found a runed translucent door.
  1962 | D:3      | Noticed zenocrate's ghost (amateur VSFi)
  2300 | D:3      | Became a worshipper of Warmaster Okawaru
  2580 | D:4      | Found a bloodstained altar of Trog.
  2600 | D:4      | Reached skill level 4 in Ranged Weapons
  2600 | D:4      | Reached XP level 5. HP: 39/40 MP: 1/6
  2959 | D:4      | Found a hazy altar of Hepliaklqana.
  3117 | D:4      | Found a blossoming altar of Fedhas.
  3741 | D:5      | Entered Level 5 of the Dungeon
  4321 | D:5      | Identified the +1 rapier of Upheaval {venom, rElec rF+
                  | Dex+2}
  4407 | D:5      | Noticed an ice beast
  4458 | D:5      | Killed an ice beast
  4458 | D:5      | Reached * piety under Okawaru
  4459 | D:5      | Reached skill level 5 in Ranged Weapons
  4459 | D:5      | Reached XP level 6. HP: 16/47 MP: 0/7
  5012 | D:5      | Found a runed translucent door.
  5067 | D:5      | Noticed sadasda's ghost (amateur HOFi)
  5358 | D:5      | Your scales start taking on an icy white colour.
  5358 | D:5      | Reached XP level 7. HP: 52/52 MP: 2/8
  5358 | D:5      | Gained mutation: Your flesh is cold resistant. (rC+) [White
                  | Draconian growth]
  5358 | D:5      | Quit the game

Illustrated notes

Levels and vault maps discovered:
D:1:      matt_arrival_los_fun, layout_basic, serial_forest,
          infiniplex_forest_corner_2, infiniplex_forest_clump_tiny,
          infiniplex_forest_lined_2, infiniplex_forest_zigzag_2,
          infiniplex_forest_clump_curved, infiniplex_forest_clump_C
D:2:      layout_basic, basic_altar
D:3:      layout_loops_ring, mainiacjoe_overflow_paths,
          hellmonk_ghost_happy_afterlife
D:4:      layout_cave_pods, nicolae_hepliaklqana_monster_ancestors,
          fedhas_altar_1, trog_antimagical, chequers_serial_rivers_large_a,
          dreamdust_princess_corridor
D:5:      layout_basic, nicolae_overflow_hidden_temple,
          ebering_ghost_reflecting_pool

Skill      XL: |  1  2  3  4  5  6 |
---------------+-------------------+-----
Ranged Weapons | 2 3 4 5 |  5.7
Hexes          | 3 4 |  4.7
Fire Magic     | 0 |  0.7
Fighting       | |  1.1
Dodging        | |  1.7
Spellcasting   | |  1.0

Action                     |  1- 3 |  4- 6 |  7- 9 || total
---------------------------+-------+-------+-------++-------
   Fire: Sling             |   136 |   190 |       ||   326
   Cast: Jinxbite          |     4 |    39 |       ||    43
         Slow              |       |    13 |       ||    13
    Use: Scroll            |     7 |     1 |       ||     8
 Armour: Skin              |    30 |    43 |       ||    73
  Dodge: Dodged            |    27 |    77 |       ||   104

Table legend: (Time is in decaauts)
 A = Elapsed time spent in this place.
 B = Non-inter-level travel time spent in this place.
 C = Inter-level travel time spent in this place.
 D = Time resting spent in this place.
 E = Time spent auto-exploring this place.
 F = Levels seen in this place.
 G = Mean time per level.
                   A        B        C        D        E       F      G
               +--------+--------+--------+--------+--------+-----+--------+
         Total |   5445 |   5316 |    129 |    500 |   3968 |   5 | 1089.0 |
       Dungeon |   5445 |   5316 |    129 |    500 |   3968 |   5 | 1089.0 |
               +--------+--------+--------+--------+--------+-----+--------+

Top non-repeatable levels by time:
     D:4: 1647 daAuts
     D:5: 1305 daAuts
     D:1: 973 daAuts
     D:3: 958 daAuts
     D:2: 560 daAuts
